Map: Acolyte LE

Players

A.I. 1 (Elite) - Winner!

  • Race: Terran Terran
  • Spawn Location: 7:00

A.I. 2 (Elite)

  • Race: Zerg Zerg
  • Spawn Location: 1:00

VOD

Have the link to the VOD?

Description

Time

  • Played on: Aug. 19, 2017, 11:21 p.m.
  • Length: 32:17
Show
View Real Time Build Order
Export as new Build Order

A.I. 1 (Elite) Terran - Winner!

Build Orders: Command Center First (CC), MMM Bio 

Get SALT Encoding   

  12  0:01  SCV  
  13  0:13  SCV  
  14  0:19  Supply Depot  
  14  0:25  SCV  
  15  0:40  SCV  
  16  0:52  SCV  
  17  1:03  Command Center  
  17  1:04  SCV  
  18  1:16  Barracks  
  18  1:18  SCV  
  19  1:45  Supply Depot  
  19  1:50  Refinery  
  19  1:53  SCV  
  20  2:04  Marine  
  20  2:06  Orbital Command  
  21  2:13  Barracks  
  21  2:15  SCV  
  22  2:22  Marine  
  23  2:23  Refinery  
  23  2:27  SCV  
  24  2:40  Marine, Supply Depot  
  24  2:41  SCV  
  26  2:50  Orbital Command  
  26  2:55  SCV  
  26  2:58  Marine  
  28  2:59  Marine  
  29  3:07  Factory  
  29  3:08  SCV  
  30  3:15  Marine  
  30  3:17  Marine, SCV  
  33  3:20  SCV  
  34  3:29  SCV  
  34  3:32  SCV  
  34  3:33  Marine  
  37  3:35  Marine  
  37  3:37  Barracks  
  38  3:42  SCV  
  38  3:44  SCV  
  40  3:51  Factory Tech Lab  
  40  3:53  Barracks Tech Lab x2, Starport  
  40  3:54  SCV  
  41  3:56  SCV  
  42  4:06  SCV  
  42  4:08  SCV  
  44  4:12  Marine x2, Combat Shields  
  44  4:14  Stimpack  
  44  4:16  Supply Depot  
  46  4:20  SCV  
  46  4:22  SCV  
  48  4:24  Marine  
  48  4:29  Marine x2  
  51  4:32  SCV  
  51  4:34  SCV  
  51  4:35  Supply Depot  
  51  4:37  Medivac  
  55  4:44  SCV  
  56  4:46  SCV  
  56  4:47  Siege Tank  
  56  4:48  Marine  
  56  4:49  Marine, Supply Depot  
  62  4:56  Marine  
  62  4:57  SCV  
  62  4:58  SCV  
  62  4:59  Supply Depot  
  65  5:05  Refinery  
  65  5:06  Marauder  
  67  5:08  Marauder  
  67  5:09  SCV  
  67  5:12  SCV  
  67  5:13  Refinery  
  72  5:21  SCV  
  72  5:24  SCV  
  72  5:27  Engineering Bay  
  72  5:28  Marauder  
  75  5:29  Marauder  
  75  5:30  Supply Depot  
  75  5:33  SCV  
  75  5:35  Command Center  
  78  5:36  SCV  
  79  5:45  SCV  
  79  5:48  SCV  
  79  5:49  Marauder  
  83  5:51  Marauder  
  83  5:55  Terran Infantry Weapons Level 1, Supply Depot  
  85  5:57  SCV  
  85  6:00  SCV, Hellion  
  89  6:11  Marauder  
  91  6:17  Marauder  
  91  6:18  Concussive Shells  
  93  6:19  Barracks Reactor, Engineering Bay  
  93  6:21  Supply Depot, Hellion  
  95  6:27  Missile Turret  
  95  6:29  Missile Turret  
  95  6:32  Marauder  
  97  6:33  Starport Reactor, Barracks  
  97  6:38  Marauder  
  99  6:43  Hellion  
  99  6:44  Terran Infantry Armor Level 1  
  101  6:47  Supply Depot  
  101  6:48  SCV x3  
  101  6:53  Marauder  
  106  6:59  Missile Turret  
  106  7:00  Orbital Command, SCV x2  
  108  7:03  Widow Mine  
  110  7:09  Medivac  
  110  7:11  Marauder  
  110  7:12  SCV  
  110  7:13  Missile Turret  
  110  7:15  Supply Depot, SCV  
  116  7:18  Medivac  
  116  7:21  Command Center  
  118  7:24  SCV  
  118  7:29  SCV  
  120  7:30  SCV  
  120  7:32  Widow Mine  
  120  7:36  SCV  
  124  7:39  Missile Turret  
  124  7:41  Supply Depot, SCV  
  124  7:43  SCV  
  126  7:47  Factory  
  126  7:48  SCV  
  126  7:49  Starport  
  127  7:51  Hi-Sec Auto Tracking  
  127  8:00  Widow Mine  
  127  8:02  Barracks  
  127  8:04  Missile Turret  
  127  8:05  Barracks Tech Lab  
  129  8:07  Supply Depot  
  129  8:08  Medivac  
  131  8:25  Missile Turret, Starport Tech Lab  
  131  8:26  Marine  
  132  8:27  Marine  
  132  8:28  Marine, Refinery  
  132  8:29  Widow Mine  
  132  8:32  Marine, Supply Depot, Factory Tech Lab  
  132  8:33  Marine, SCV  
  132  8:34  SCV x2  
  140  8:36  Planetary Fortress, Armory  
  140  8:38  Building Armor  
  141  8:44  High Capacity Fuel Tanks  
  141  8:47  Missile Turret  
  141  8:51  Siege Tank  
  144  8:56  Missile Turret  
  144  8:58  Siege Tank, Refinery  
  147  9:11  Refinery  
  147  9:13  Refinery  
  147  9:15  Missile Turret  
  147  9:18  Armory  
  147  9:23  Siege Tank, Missile Turret  
  150  9:25  Terran Infantry Weapons Level 2, Terran Vehicle Weapons Level 1  
  150  9:26  Marine, Missile Turret  
  150  9:27  Marine  
  150  9:29  Command Center  
  152  9:31  Siege Tank  
  155  9:49  Raven  
  155  9:52  Supply Depot  
  157  9:55  Marine  
  157  9:56  Siege Tank  
  161  10:05  Cyclone  
  161  10:06  Terran Vehicle And Ship Armor Level 1, Missile Turret  
  164  10:13  Marauder  
  164  10:14  Marauder x2  
  168  10:17  Supply Depot  
  170  10:22  Missile Turret  
  170  10:28  Hellion  
  165  10:29  SCV  
  165  10:31  SCV  
  165  10:32  Raven, SCV  
  165  10:34  Unknown x2  
  165  10:35  Unknown, Marauder  
  164  10:37  Cyclone  
  164  10:41  SCV  
  156  10:43  SCV  
  156  10:44  SCV, Unknown  
  156  10:46  SCV  
  156  10:49  Hellion  
  161  10:50  Supply Depot  
  161  10:52  Liberator  
  161  10:53  SCV  
  161  10:55  SCV  
  159  10:58  SCV x2  
  159  11:03  Missile Turret  
  147  11:05  SCV, Marauder  
  147  11:08  SCV  
  147  11:09  Medivac, Hellion  
  147  11:10  Siege Tank  
  147  11:11  Refinery  
  153  11:13  SCV  
  153  11:15  SCV  
  155  11:21  Liberator  
  155  11:24  Terran Vehicle Weapons Level 2  
  155  11:25  Command Center  
  155  11:26  Medivac  
  155  11:27  Planetary Fortress, Missile Turret  
  155  11:30  Siege Tank, Missile Turret  
  160  11:34  Missile Turret  
  160  11:36  Marine x2, Missile Turret  
  160  11:37  Marine x2  
  160  11:38  Marine, Refinery  
  160  11:39  Marine  
  169  11:43  Siege Tank  
  172  11:49  Terran Infantry Weapons Level 3  
  172  11:51  Refinery  
  172  11:54  Marine  
  172  11:56  Marine  
  172  11:59  Marine  
  172  12:00  Marauder  
  177  12:02  Marine, Siege Tank  
  177  12:08  Marine  
  182  12:12  Viking, Marauder  
  182  12:14  Marine, Widow Mine  
  189  12:16  Viking  
  189  12:21  Viking  
  193  12:33  Ghost Academy  
  193  12:34  Widow Mine  
  195  12:39  Planetary Fortress  
  195  12:42  Viking  
  195  12:43  Siege Tank  
  199  12:54  Missile Turret  
  199  12:58  Command Center  
  199  13:17  Terran Infantry Armor Level 2  
  199  13:35  Ghost  
  199  13:40  Missile Turret  
  198  13:43  Widow Mine  
  198  13:44  SCV  
  198  13:45  Missile Turret, SCV x3, Unknown  
  198  13:46  SCV, Unknown  
  198  13:47  Medivac, Unknown  
  199  13:49  Unknown x2  
  199  13:52  Marauder x2  
  197  13:55  Marine  
  197  13:56  SCV  
  197  13:57  SCV  
  197  14:00  SCV  
  197  14:01  SCV  
  200  14:10  Planetary Fortress  
  200  14:19  SCV  
  200  14:21  Terran Vehicle Weapons Level 3  
  200  14:24  Missile Turret  
  200  14:30  Missile Turret, Terran Vehicle And Ship Armor Level 2, Command Center  
  200  14:35  Missile Turret  
  200  15:03  Liberator  
  200  15:04  Refinery  
  200  15:05  Liberator  
  200  15:06  Refinery  
  198  15:07  Marine, SCV  
  198  15:13  Marauder  
  200  15:15  Marauder  
  200  15:19  Medivac  
  200  15:20  Widow Mine  
  200  15:21  Marine, Siege Tank, Unknown  
  187  15:22  Marine, Unknown x2  
  187  15:23  Marine, Unknown x2  
  187  15:25  Marauder  
  187  15:28  Unknown  
  172  15:32  Liberator  
  172  15:35  Marine, Marauder  
  152  15:39  Marine x2  
  152  15:41  Marine  
  156  15:43  Planetary Fortress  
  156  15:46  Ghost  
  156  15:49  Cyclone  
  164  15:52  Widow Mine  
  164  15:53  Ghost  
  164  15:55  Marine, Missile Turret  
  164  15:56  Marine, Command Center  
  170  15:59  Marine x2  
  170  16:03  Viking, Missile Turret  
  174  16:05  Medivac  
  174  16:06  Missile Turret  
  176  16:13  Ghost  
  176  16:14  Marine  
  176  16:15  Marauder  
  176  16:16  Marine  
  182  16:19  Marine  
  182  16:20  Widow Mine  
  182  16:21  Siege Tank, Ghost  
  190  16:32  Marine, Personal Cloaking, Medivac, Viking  
  193  16:37  Marauder  
  193  16:38  Terran Infantry Armor Level 3  
  197  16:48  Marine  
  197  16:49  Widow Mine  
  197  16:50  Terran Vehicle And Ship Armor Level 3  
  200  17:07  Fusion Core  
  200  17:08  Planetary Fortress  
  200  17:24  Missile Turret  
  200  17:30  Missile Turret  
  200  17:37  Missile Turret  
  200  17:40  Refinery  
  200  17:52  Refinery  
  200  17:56  Advanced Ballistics  
  200  17:58  Refinery  
  200  17:59  Nuke, Refinery  
  200  18:01  Refinery  
  200  18:25  Missile Turret  
  200  18:26  SCV, Marauder  
  199  18:28  Marauder  
  199  18:31  SCV, Marauder  
  199  18:32  SCV x2  
  199  18:33  SCV x3  
  193  18:35  Viking  
  193  18:36  Viking  
  193  18:38  Viking, Missile Turret, SCV  
  192  18:43  SCV  
  192  18:44  Missile Turret, SCV  
  192  18:47  Marauder  
  192  18:48  Missile Turret  
  196  18:49  Marauder  
  196  18:50  Missile Turret  
  196  18:53  Missile Turret, Marauder  
  196  18:56  SCV, Command Center  
  196  18:58  SCV  
  196  18:59  SCV  
  196  19:01  SCV  
  196  19:02  SCV  
  196  19:04  Marine x2  
  196  19:05  Viking, Cyclone  
  199  19:10  Marauder  
  199  19:14  Unknown x2, Marauder x2  
  199  19:15  Unknown  
  199  19:16  Unknown  
  198  19:17  Unknown x2  
  198  19:18  Unknown  
  198  19:19  Marine  
  198  19:21  Viking x2  
  198  19:22  Marine x2, Widow Mine  
  177  19:32  Marauder  
  177  19:34  Marine, Liberator x2  
  177  19:35  Viking  
  177  19:36  Marine, Marauder  
  177  19:37  Cyclone  
  171  19:39  Marine  
  171  19:40  Marine  
  159  19:50  Widow Mine  
  163  19:53  Marine, Marauder  
  163  19:56  Ghost  
  163  19:57  Marine  
  163  19:58  Marine x2  
  171  20:05  Medivac  
  173  20:09  Widow Mine  
  173  20:10  Marine  
  173  20:13  Ghost  
  176  20:15  Marine  
  176  20:16  Liberator, Planetary Fortress  
  176  20:19  Siege Tank  
  182  20:24  Marine  
  182  20:26  Marauder  
  182  20:28  Marine, Ghost  
  185  20:33  Marine  
  185  20:34  Viking  
  194  20:35  Medivac  
  194  20:38  Siege Tank  
  194  20:42  Terran Ship Weapons Level 1  
  199  21:09  Viking, Ghost  
  200  21:14  Raven  
  200  21:16  Widow Mine  
  200  21:20  Marine x2  
  200  21:24  SCV  
  200  21:25  Marine  
  200  21:27  Marine x2  
  198  21:33  Widow Mine  
  198  21:35  Missile Turret  
  200  22:06  Command Center  
  200  22:19  Liberator  
  200  22:20  Liberator  
  200  22:32  Unknown x2  
  200  22:34  Unknown  
  200  22:35  Marauder  
  200  22:36  Terran Ship Weapons Level 2  
  198  22:37  Marine  
  198  22:38  Marine  
  198  22:39  Marine x2  
  198  22:40  Marine, Raven  
  198  22:43  Widow Mine  
  195  22:48  Refinery  
  195  22:49  Siege Tank  
  195  22:50  Refinery  
  193  22:56  Marine, Marauder  
  193  22:57  Ghost  
  195  23:07  Refinery  
  195  23:12  Siege Tank  
  195  23:19  Medivac  
  200  23:21  Planetary Fortress, Refinery  
  200  23:36  Missile Turret  
  200  23:55  Missile Turret  
  200  23:58  Missile Turret  
  200  24:01  Refinery  
  200  24:38  Marine  
  199  24:43  SCV  
  199  25:23  Ghost, Widow Mine  
  199  25:28  Liberator, Ghost  
  200  25:30  Viking, Liberator  
  200  25:33  Marauder  
  197  25:42  Hellion  
  191  25:43  Marine  
  191  25:44  Marine x2  
  180  25:50  Unknown  
  180  25:52  Hellion  
  180  25:53  Marauder  
  180  25:54  Marauder  
  183  25:58  Nuke, Marauder  
  183  26:00  Medivac  
  183  26:01  Marine  
  183  26:03  Widow Mine  
  189  26:11  Marine  
  189  26:12  SCV  
  189  26:14  Hellion, Marauder  
  192  26:25  SCV  
  192  26:26  Marine, SCV  
  192  26:27  Marine x2, SCV  
  192  26:28  Viking, Marine, Unknown  
  192  26:29  Unknown  
  200  26:34  Unknown  
  199  26:56  Marine, Siege Tank  
  200  27:23  Widow Mine  
  200  28:46  Marine x2  
  200  28:47  Marine x2  
  200  28:48  Widow Mine  
  200  28:49  Marine  
  200  29:44  Widow Mine  
  200  29:49  Marine  
  200  29:51  Marine  
  200  30:11  Viking  
Show
View Real Time Build Order
Export as new Build Order

A.I. 2 (Elite) Zerg 

Build Orders: Pool First 

Get SALT Encoding   

  12  0:00  Drone  
  13  0:12  Overlord  
  13  0:16  Drone  
  14  0:30  Drone x2  
  16  0:44  Spawning Pool  
  16  0:45  Drone  
  16  0:50  Drone  
  17  1:13  Hatchery  
  17  1:16  Drone  
  17  1:20  Extractor  
  17  1:22  Drone  
  17  1:25  Drone  
  17  1:29  Drone  
  19  1:38  Overlord  
  19  1:49  Drone  
  19  1:53  Queen  
  22  1:59  Zergling x2  
  23  2:10  Drone  
  24  2:21  Drone  
  25  2:27  Roach Warren  
  25  2:28  Queen  
  26  2:32  Drone  
  26  2:34  Extractor  
  26  2:38  Drone  
  27  2:44  Overlord  
  27  2:48  Drone  
  28  2:51  Drone  
  28  2:55  Drone  
  28  2:57  Drone  
  31  3:01  Drone  
  31  3:05  Zergling x2  
  33  3:08  Zergling x2  
  33  3:12  Roach  
  36  3:17  Roach  
  38  3:21  Roach  
  38  3:25  Roach  
  42  3:28  Drone  
  42  3:30  Drone  
  44  3:36  Overlord  
  44  3:42  Lair  
  44  3:54  Drone x3  
  44  3:55  Drone  
  48  3:57  Drone  
  48  3:59  Drone  
  51  4:02  Drone  
  51  4:04  Drone  
  51  4:08  Overlord  
  52  4:26  Zergling x2, Drone x5  
  58  4:34  Overlord  
  58  4:35  Overlord, Zergling x4  
  60  4:43  Spire, Drone  
  60  4:44  Infestation Pit, Drone  
  62  4:53  Roach x3  
  62  4:54  Roach  
  62  4:59  Overlord  
  68  5:05  Drone  
  68  5:06  Drone  
  70  5:10  Overlord  
  70  5:12  Roach  
  72  5:14  Roach  
  72  5:16  Roach  
  72  5:18  Roach  
  78  5:22  Hive, Overlord  
  78  5:24  Overlord  
  78  5:54  Overlord, Corruptor  
  80  5:57  Overlord, Corruptor x2  
  84  6:05  Evolution Chamber, Drone  
  84  6:07  Zergling x2  
  84  6:08  Evolution Chamber, Drone  
  84  6:10  Zergling x2  
  86  6:12  Zergling x2  
  86  6:14  Zergling x2  
  86  6:15  Zergling x2  
  86  6:16  Zergling x2, Corruptor  
  92  6:23  Zergling x2  
  92  6:28  Drone  
  93  6:38  Hydralisk Den  
  93  6:39  Hatchery, Drone x2  
  93  6:41  Extractor, Drone  
  93  6:42  Evolution Chamber  
  93  6:43  Extractor, Drone  
  93  6:45  Drone  
  93  7:03  Drone  
  93  7:04  Drone x2  
  93  7:06  Drone x2  
  93  7:07  Drone  
  93  7:08  Hydralisk  
  99  7:13  Hydralisk  
  103  7:19  Infestor  
  103  7:20  Overseer  
  105  7:33  Infestor  
  107  7:40  Baneling Nest  
  106  7:49  Metabolic Boost  
  106  7:51  Drone  
  106  7:52  Drone x3  
  106  7:53  Drone x3  
  106  7:54  Overlord, Drone x2  
  106  7:55  Drone x3  
  118  8:00  Zerg Melee Weapons Level 1  
  118  8:01  Drone  
  118  8:03  Extractor, Drone  
  120  8:05  Extractor, Drone  
  120  8:09  Zerg Missile Weapons Level 1  
  120  8:11  Hatchery  
  120  8:12  Drone  
  119  8:14  Drone  
  119  8:17  Overlord, Drone x2  
  122  8:21  Drone x3  
  122  8:23  Zerg Ground Armor Level 1  
  122  8:24  Baneling  
  122  8:25  Baneling, Drone  
  122  8:26  Drone  
  127  8:27  Baneling  
  127  8:28  Drone  
  127  8:29  Baneling  
  127  8:32  Baneling  
  127  8:33  Baneling  
  127  8:34  Drone  
  129  8:35  Baneling  
  129  8:36  Baneling, Overlord  
  129  8:38  Baneling  
  129  8:39  Baneling, Drone  
  129  8:41  Baneling  
  130  8:44  Zergling x2  
  130  8:47  Zergling x2  
  133  8:48  Zergling x2  
  133  8:49  Centrifical Hooks, Zergling x2  
  133  8:54  Spine Crawler  
  133  8:55  Ravager  
  134  8:57  Spine Crawler  
  134  8:58  Queen  
  134  8:59  Ravager, Overlord  
  134  9:02  Hydralisk  
  138  9:05  Hydralisk  
  140  9:14  Infestor  
  142  9:18  Spine Crawler  
  142  9:23  Infestor, Queen, Drone x2  
  142  9:24  Overlord, Drone x2  
  148  9:25  Roach  
  148  9:27  Roach  
  148  9:29  Roach  
  155  9:33  Extractor  
  155  9:34  Drone  
  155  9:35  Spore Crawler  
  155  9:36  Drone  
  155  9:38  Spore Crawler, Drone  
  154  9:43  Overlord  
  155  9:46  Extractor, Drone  
  155  9:50  Spore Crawler  
  155  9:51  Drone  
  155  9:57  Spine Crawler  
  155  9:58  Zerg Melee Weapons Level 2, Drone  
  154  10:03  Spine Crawler  
  154  10:05  Drone  
  153  10:10  Spine Crawler  
  153  10:11  Drone  
  153  10:13  Zergling x4  
  153  10:14  Spine Crawler  
  152  10:15  Drone  
  152  10:18  Zergling x2  
  152  10:20  Zergling x4  
  147  10:28  Zergling x2  
  147  10:29  Zergling x2  
  147  10:30  Zergling x4  
  147  10:31  Baneling, Zergling x4  
  147  10:32  Baneling x2, Zergling x2  
  147  10:33  Baneling, Zerg Missile Weapons Level 2, Pathogen Glands  
  147  10:36  Mutalisk x2  
  147  10:37  Mutalisk  
  147  10:38  Roach x2  
  147  10:39  Roach x2  
  147  10:41  Roach  
  147  10:42  Roach x3  
  149  10:47  Hydralisk  
  130  10:50  Drone  
  130  10:52  Drone  
  130  10:53  Roach, Zergling x2  
  130  10:54  Roach, Zergling x2  
  130  10:55  Zergling x2  
  130  10:56  Zergling x2  
  134  10:59  Drone  
  134  11:01  Overseer, Zergling x2  
  134  11:02  Infestor  
  134  11:03  Hydralisk  
  134  11:05  Zergling x2  
  134  11:07  Infestor  
  134  11:11  Baneling x3, Zergling x4  
  140  11:12  Baneling x3, Zergling x2  
  140  11:13  Baneling x3, Zergling x4  
  140  11:14  Baneling x2, Zergling x2  
  145  11:23  Ravager  
  145  11:24  Ravager, Roach x2  
  151  11:34  Zerg Ground Armor Level 2  
  151  11:38  Spine Crawler  
  151  11:39  Drone  
  151  11:41  Spine Crawler  
  151  11:42  Drone  
  151  11:43  Spine Crawler  
  151  11:44  Drone  
  151  11:45  Hatchery  
  151  11:47  Drone  
  151  11:54  Queen  
  153  12:02  Overlord, Hydralisk  
  153  12:03  Hydralisk  
  157  12:13  Ravager  
  160  12:15  Roach  
  160  12:17  Spine Crawler  
  160  12:18  Zerg Melee Weapons Level 3, Drone  
  160  12:21  Spore Crawler  
  160  12:22  Drone  
  160  12:23  Spore Crawler  
  160  12:24  Drone  
  160  12:25  Spore Crawler  
  160  12:26  Ravager, Drone  
  160  12:27  Spore Crawler, Overseer  
  160  12:28  Overlord, Roach, Drone  
  163  12:30  Pneumatized Carapace, Overseer  
  163  12:36  Roach  
  163  12:37  Roach  
  167  12:46  Overlord, Viper  
  170  12:57  Spine Crawler, Drone  
  170  12:58  Queen  
  170  13:00  Spore Crawler  
  170  13:01  Drone  
  170  13:03  Spine Crawler  
  170  13:04  Drone  
  170  13:05  Viper  
  175  13:07  Spore Crawler  
  175  13:08  Drone  
  175  13:21  Hatchery  
  175  13:23  Drone  
  175  13:26  Zerg Missile Weapons Level 3  
  175  13:29  Hydralisk  
  175  13:31  Hydralisk  
  179  13:37  Baneling, Corruptor x2  
  179  13:39  Mutalisk, Greater Spire, Zergling x2  
  179  13:40  Mutalisk  
  186  13:41  Mutalisk  
  186  13:43  Mutalisk  
  186  13:44  Mutalisk, Zergling x2  
  186  13:45  Spine Crawler, Drone  
  186  13:46  Mutalisk  
  186  13:48  Zergling x4  
  181  13:49  Zergling x4  
  181  13:50  Zergling x2  
  181  13:51  Zergling x2  
  181  13:52  Zergling x4  
  152  13:58  Hydralisk  
  152  14:02  Baneling x2, Zergling x2  
  149  14:05  Baneling, Zergling x2  
  149  14:06  Baneling x2, Zergling x2  
  149  14:08  Baneling  
  149  14:09  Baneling x2, Zergling x2  
  152  14:10  Baneling, Zergling x2  
  152  14:11  Baneling  
  152  14:15  Baneling  
  152  14:16  Baneling, Zergling x2  
  154  14:22  Baneling, Zergling x2  
  154  14:23  Baneling  
  155  14:28  Spore Crawler  
  155  14:29  Drone  
  155  14:33  Queen, Spine Crawler  
  155  14:34  Drone  
  157  14:50  Extractor  
  157  14:51  Drone  
  157  14:56  Drone x2  
  157  14:57  Drone x2  
  157  14:58  Zerg Ground Armor Level 3  
  157  15:03  Extractor  
  157  15:04  Drone  
  157  15:07  Drone x2  
  152  15:08  Extractor, Drone  
  152  15:09  Drone x2  
  152  15:10  Drone  
  152  15:11  Drone  
  152  15:13  Zergling x2  
  155  15:15  Zergling x2  
  155  15:16  Zergling x2  
  155  15:17  Zergling x4  
  155  15:19  Zergling x4  
  155  15:20  Zergling x2  
  155  15:21  Zergling x4  
  145  15:23  Infestor  
  145  15:24  Adrenal Glands  
  145  15:27  Roach  
  145  15:28  Mutalisk, Hydralisk, Roach  
  139  15:29  Mutalisk, Roach  
  139  15:30  Mutalisk, Roach, Hydralisk  
  139  15:31  Roach, Spine Crawler  
  139  15:34  Drone  
  139  15:35  Mutalisk  
  128  15:36  Corruptor  
  128  15:42  Hydralisk  
  124  15:46  Corruptor  
  124  15:48  Baneling x2, Zergling x2  
  124  15:49  Baneling x3  
  130  15:50  Zergling x4  
  130  15:53  Infestor  
  133  16:00  Infestor, Spine Crawler  
  133  16:01  Drone  
  135  16:08  Queen  
  135  16:10  Infestor  
  139  16:12  Infestor  
  139  16:14  Infestor  
  139  16:17  Brood Lord, Roach, Corruptor  
  149  16:21  Brood Lord, Corruptor  
  153  16:32  Hydralisk  
  153  16:34  Viper  
  158  16:43  Spore Crawler  
  158  16:45  Spore Crawler, Drone  
  157  16:47  Drone  
  157  16:48  Overseer  
  157  16:49  Spore Crawler  
  157  16:51  Drone  
  157  16:53  Spine Crawler  
  157  16:54  Drone  
  157  17:00  Brood Lord, Corruptor  
  162  17:01  Brood Lord, Corruptor  
  162  17:02  Neural Parasite, Spine Crawler  
  162  17:04  Drone  
  162  17:07  Burrow  
  166  17:15  Infestor  
  168  17:16  Spore Crawler  
  168  17:17  Infestor  
  168  17:18  Drone  
  168  17:21  Ravager, Overlord  
  168  17:22  Roach  
  173  17:26  Roach  
  173  17:28  Hatchery  
  174  17:30  Drone  
  175  17:39  Zerg Flyer Weapons Level 1  
  175  17:40  Tunneling Claws  
  175  17:42  Spore Crawler, Roach  
  175  17:43  Drone  
  177  17:45  Brood Lord, Spore Crawler  
  177  17:47  Corruptor  
  177  17:48  Ravager, Drone  
  182  17:53  Brood Lord  
  182  17:56  Corruptor  
  186  18:02  Roach  
  188  18:07  Roach  
  188  18:08  Mutalisk  
  192  18:13  Hydralisk  
  192  18:15  Hydralisk  
  192  18:16  Spore Crawler  
  192  18:18  Zergling x2, Drone  
  192  18:19  Zergling x2  
  194  18:20  Zergling x2  
  194  18:21  Zergling x2  
  194  18:23  Zergling x2  
  194  18:25  Zergling x2  
  194  18:26  Zergling x2  
  183  18:28  Zergling x2  
  183  18:29  Drone  
  183  18:30  Drone  
  183  18:32  Drone  
  172  18:43  Drone  
  172  18:45  Drone  
  172  18:47  Drone  
  172  18:48  Drone  
  168  18:51  Drone  
  168  18:52  Drone  
  168  18:54  Drone  
  167  18:58  Drone  
  167  18:59  Glial Reconstitution, Drone  
  153  19:02  Drone  
  153  19:04  Drone  
  153  19:07  Drone  
  153  19:09  Drone  
  142  19:10  Drone  
  142  19:12  Roach  
  142  19:13  Roach  
  142  19:15  Zergling x4  
  127  19:18  Corruptor  
  114  19:25  Drone  
  112  19:32  Overseer  
  112  19:35  Roach  
  112  19:38  Roach  
  114  19:39  Drone  
  114  19:41  Drone  
  114  19:42  Drone  
  114  19:44  Drone  
  117  19:46  Drone  
  117  19:47  Drone  
  117  19:48  Drone  
  117  19:50  Drone  
  117  19:52  Drone  
  122  19:53  Drone  
  122  19:54  Drone  
  122  19:56  Drone  
  122  19:58  Drone x2  
  127  20:00  Drone  
  127  20:02  Drone  
  127  20:03  Drone  
  127  20:06  Hatchery  
  129  20:07  Drone  
  129  20:08  Corruptor  
  129  20:10  Zergling x2  
  129  20:11  Zergling x2  
  129  20:13  Zergling x2  
  135  20:14  Zergling x2  
  135  20:15  Zergling x2  
  135  20:17  Hatchery, Zergling x2  
  135  20:18  Drone  
  135  20:19  Zergling x2  
  135  20:20  Zergling x2  
  140  20:22  Mutalisk  
  140  20:25  Mutalisk  
  140  20:27  Mutalisk  
  146  20:30  Mutalisk  
  148  20:36  Infestor  
  148  20:39  Infestor  
  148  20:40  Brood Lord  
  148  20:41  Overlord  
  154  20:44  Corruptor  
  154  20:48  Roach x2  
  160  20:50  Roach  
  160  20:51  Overseer  
  160  20:52  Overseer  
  160  20:56  Roach  
  162  20:57  Hydralisk  
  162  21:00  Overlord, Roach  
  162  21:01  Roach  
  162  21:02  Hydralisk  
  162  21:04  Zergling x2  
  162  21:06  Zergling x2  
  162  21:07  Zergling x2  
  162  21:09  Zergling x2  
  162  21:10  Overseer  
  161  21:12  Zergling x2  
  161  21:15  Roach  
  161  21:17  Hydralisk  
  158  21:22  Baneling, Roach  
  158  21:24  Zergling x2  
  158  21:25  Baneling  
  142  21:28  Roach  
  142  21:30  Roach  
  131  21:33  Hydralisk  
  131  21:36  Roach  
  131  21:38  Hydralisk  
  137  21:41  Hydralisk  
  137  21:43  Zergling x2  
  137  21:44  Baneling  
  137  21:45  Baneling  
  137  21:46  Baneling, Zergling x2  
  141  21:47  Baneling  
  141  21:48  Zergling x2  
  141  21:49  Baneling x2  
  141  21:50  Zergling x2  
  141  21:51  Baneling x2  
  141  21:52  Zergling x2  
  141  21:53  Baneling  
  144  21:54  Mutalisk  
  144  21:56  Mutalisk  
  144  21:57  Mutalisk  
  144  22:00  Overlord  
  150  22:01  Mutalisk, Drone  
  150  22:03  Mutalisk  
  150  22:06  Mutalisk  
  156  22:09  Roach  
  156  22:11  Drone x2  
  156  22:13  Drone  
  153  22:15  Drone  
  153  22:16  Drone  
  153  22:18  Drone  
  153  22:20  Overlord  
  156  22:23  Drone  
  156  22:25  Drone  
  156  22:26  Drone  
  156  22:28  Zergling x2  
  151  22:30  Roach, Drone  
  151  22:31  Zergling x2  
  151  22:33  Zergling x2  
  151  22:34  Zergling x2  
  151  22:36  Zergling x2  
  138  22:37  Drone  
  138  22:39  Roach  
  138  22:41  Drone  
  138  22:43  Roach  
  134  22:45  Roach x2  
  134  22:48  Roach  
  134  22:49  Hydralisk  
  134  22:50  Zergling x2  
  137  22:52  Roach  
  137  22:53  Zergling x4  
  137  22:55  Zergling x2  
  137  22:56  Roach  
  137  22:57  Roach  
  120  22:58  Hydralisk  
  120  23:00  Hydralisk  
  120  23:02  Hydralisk  
  120  23:04  Hydralisk  
  118  23:05  Ravager  
  118  23:06  Roach  
  118  23:07  Hydralisk  
  118  23:08  Zergling x2  
  118  23:09  Baneling  
  118  23:10  Baneling, Zergling x2  
  118  23:11  Baneling  
  118  23:12  Baneling, Zergling x2  
  126  23:13  Baneling  
  126  23:14  Zergling x2  
  127  23:21  Baneling  
  127  23:24  Extractor  
  127  23:26  Extractor  
  125  23:27  Extractor  
  125  23:29  Extractor  
  125  23:30  Baneling, Extractor, Zergling x2  
  125  23:32  Drone  
  124  23:37  Spine Crawler  
  124  23:38  Drone  
  124  23:39  Baneling  
  124  23:40  Spine Crawler  
  123  23:42  Spine Crawler  
  123  23:43  Drone  
  123  23:46  Drone  
  123  23:47  Spine Crawler, Drone x2  
  123  23:48  Baneling, Drone x2  
  126  23:49  Zergling x2, Drone  
  126  23:50  Spine Crawler  
  126  23:51  Drone  
  126  23:52  Spine Crawler  
  126  23:53  Drone  
  129  23:57  Queen  
  129  23:58  Mutalisk  
  133  24:03  Queen  
  133  24:04  Mutalisk  
  133  24:09  Queen  
  139  24:10  Mutalisk  
  139  24:16  Mutalisk  
  143  24:19  Spore Crawler  
  143  24:21  Spore Crawler, Drone  
  143  24:23  Mutalisk, Drone  
  145  24:26  Spore Crawler  
  145  24:28  Drone  
  145  24:29  Mutalisk  
  147  24:35  Spore Crawler  
  147  24:36  Drone  
  146  24:38  Baneling  
  146  24:40  Mutalisk, Spore Crawler  
  146  24:41  Drone  
  146  24:44  Spore Crawler, Drone  
  148  24:48  Hatchery  
  148  24:50  Spine Crawler  
  148  24:51  Mutalisk, Drone x2  
  150  24:54  Extractor  
  150  24:56  Drone  
  150  24:59  Mutalisk  
  150  25:00  Overlord  
  153  25:07  Ravager  
  153  25:10  Roach  
  153  25:12  Roach  
  157  25:19  Drone  
  157  25:20  Drone  
  155  25:22  Drone  
  155  25:23  Drone x2  
  155  25:24  Hydralisk, Drone x3  
  155  25:25  Drone  
  155  25:27  Hydralisk, Drone x2  
  155  25:28  Hydralisk, Drone  
  155  25:29  Overlord, Queen, Drone  
  158  25:37  Drone x2  
  158  25:38  Drone x2  
  158  25:42  Zergling x2  
  158  25:43  Zergling x2  
  158  25:44  Zergling x2  
  158  25:45  Zergling x2  
  158  25:46  Roach, Zergling x2  
  121  25:50  Roach  
  121  25:52  Roach  
  121  25:56  Hydralisk  
  106  26:01  Hydralisk  
  108  26:07  Roach  
  108  26:09  Roach  
  112  26:12  Roach  
  112  26:16  Roach  
  114  26:21  Hydralisk  
  114  26:24  Baneling  
  114  26:25  Baneling x2  
  113  26:28  Drone x5  
  113  26:32  Hydralisk  
  111  26:37  Drone  
  87  26:42  Drone  
  78  26:49  Drone  
  78  26:52  Zergling x2  
  66  26:54  Zergling x2, Drone  
  66  26:55  Roach x2  
  58  27:03  Hydralisk, Roach  
  59  27:33  Hatchery  
  56  27:39  Roach  
  58  27:49  Hydralisk  
  60  27:53  Hatchery  
Tags
 
Add a new tag
Caveats
  • Supply blocks, unpowered buildings, or Contaminate may cause inaccurate times.
  • Supply counts are checked every 10 seconds.